[Event "Titled Tuesday Blitz April 4 Early 2023"]
[White "Rose, Felix"]
[Black "Kozin, Yuri"]
[WhiteFideId "5105722"]
[BlackFideId "4129920"]
[WhiteElo "2039"]
[BlackElo "2600"]
[Result "0-1"]
[Round "01"]
[TimeControl "180+2"]
[Date "2023.04.04"]
[WhiteClock "0:00:09"]
[BlackClock "0:00:10"]

1. e4 c5 2. Nf3 e6 3. d4 cxd4 4. Nxd4 a6 5. Nc3 Qc7 6. Bd3 Nc6 7. Nxc6 dxc6 8. O-O e5 9. Kh1 Nf6 10. f4 Bd6 11. f5 h6 12. g4 b5 13. g5 hxg5 14. Bxg5 Be7 15. a4 Bb7 16. Qe2 b4 17. Nb1 c5 18. Bxf6 Bxf6 19. Nd2 Bg5 20. Nc4 Bf4 21. Rf2 O-O-O 22. a5 Rh3 23. Rg1 Rdh8 24. Rgg2 Kb8 25. Nb6 Re3 26. Qg4 Re1+ 27. Rg1 Rxe4 28. Bxe4 Bxe4+ 29. Rgg2 Bxh2 30. Qxg7 Qd8 31. Rd2 Bf4+ 32. Kg1 Bxd2 33. Rxd2 Rh1+ 34. Kf2 Qxd2+ 0-1


[Site "https://www.chess.com"]

[Event "Titled Tuesday Blitz April 4 Early 2023"]
[White "Danielyan, Vahe"]
[Black "Fuzesabonyilaci"]
[WhiteFideId "13304828"]
[WhiteElo "2423"]
[BlackElo "2300"]
[Result "1-0"]
[Round "01"]
[TimeControl "180+2"]
[Date "2023.04.04"]
[WhiteClock "0:02:00"]
[BlackClock "0:00:30"]

1. e4 c6 2. d4 g6 3. Nc3 Bg7 4. Be3 d5 5. e5 h5 6. f4 Nh6 7. Nf3 Bg4 8. Be2 Qb6 9. Qd2 Nd7 10. O-O Bxf3 11. Bxf3 e6 12. a3 a5 13. h3 Nf5 14. Bf2 h4 15. Na4 Qb5 16. Be2 Qxa4 17. b3 Qxd4 18. Bxd4 Bf8 19. Bf2 Nc5 20. Bf3 Nd7 21. c4 Bh6 22. cxd5 cxd5 23. Rfe1 O-O 24. Rac1 Nb8 25. Bg4 Ng3 26. Bxg3 hxg3 27. Qe3 Nc6 28. Qxg3 1-0


[Site "https://www.chess.com"]

[Event "Titled Tuesday Blitz April 4 Early 2023"]
[White "Kohler, Aran"]
[Black "Nikologorskiy, Konstantin"]
[WhiteFideId "1002856"]
[BlackFideId "24111708"]
[WhiteElo "2298"]
[BlackElo "2293"]
[Result "0-1"]
[Round "01"]
[TimeControl "180+2"]
[Date "2023.04.04"]
[WhiteClock "0:00:02"]
[BlackClock "0:00:05"]

1. d4 Nf6 2. Nf3 e6 3. Bg5 Be7 4. Nbd2 d5 5. e3 O-O 6. Bd3 c5 7. c3 b6 8. Ne5 Bb7 9. f4 Nbd7 10. Qf3 Nxe5 11. fxe5 Nd7 12. Bxe7 Qxe7 13. Qh3 g6 14. O-O f6 15. exf6 Nxf6 16. Rae1 Ne4 17. Nxe4 dxe4 18. Bc4 Bd5 19. Bxd5 exd5 20. Rxf8+ Rxf8 21. Rf1 Rd8 22. Qh6 cxd4 23. cxd4 Rc8 24. Qf4 Kg7 25. h4 h5 26. Rf2 Rc1+ 27. Kh2 a5 28. a3 Rc6 29. Qg5 Qxg5 30. hxg5 b5 31. Kg3 b4 32. axb4 axb4 33. Kf4 b3 34. Ke5 Rc2 35. Rf6 Rxg2 36. Kxd5 Rxg5+ 37. Ke6 h4 38. Rf7+ Kg8 39. Rc7 h3 40. Rc1 h2 41. Rh1 Rh5 42. d5 Kf8 43. d6 Ke8 44. d7+ Kd8 45. Ra1 Re5+ 46. Kd6 Rd5+ 47. Ke6 Rxd7 48. Ra8+ Kc7 49. Rh8 Rd2 50. Ke5 Rxb2 51. Kxe4 Rg2 52. Rh7+ Kc6 0-1


[Site "https://www.chess.com"]

[Event "Titled Tuesday Blitz April 4 Early 2023"]
[White "Ambartsumova, Karina"]
[Black "Gerasimenyuk, Mikhail"]
[WhiteFideId "4166299"]
[BlackFideId "14111845"]
[WhiteElo "2240"]
[BlackElo "2182"]
[Result "1-0"]
[Round "01"]
[TimeControl "180+2"]
[Date "2023.04.04"]
[WhiteClock "0:00:09"]
[BlackClock "0:00:46"]

1. e4 d5 2. exd5 Qxd5 3. Nc3 Qa5 4. d4 Nf6 5. Bc4 Nc6 6. Ne2 Bg4 7. f3 Bh5 8. Bd2 O-O-O 9. Nd5 Qa4 10. Bb3 Qa6 11. Nxf6 gxf6 12. c3 e5 13. d5 Ne7 14. c4 Qb6 15. Ng3 Bg6 16. Qe2 Nf5 17. Nxf5 Bxf5 18. O-O-O Bc5 19. Bc2 Bd4 20. Bxf5+ Kb8 21. Bc3 Bxc3 22. bxc3 Qa5 23. Qc2 h5 24. Kb1 Rd6 25. Ka1 Ra6 26. Rb1 Qc5 27. Rb4 Rg8 28. Rhb1 b6 29. g3 Qe3 30. Be4 h4 31. g4 h3 32. Rb5 Ra3 33. R5b3 Ra5 34. Qd3 Qc5 35. d6 Qxd6 36. Qxd6 cxd6 37. Rd1 Kc7 38. Rb2 Ra3 39. Rb3 Ra5 40. Bd5 Rf8 41. Rb2 Kd7 42. Rbd2 Ke7 43. Kb2 b5 44. cxb5 Rxb5+ 45. Bb3 Rd8 46. c4 Rb6 47. Kc3 Rc8 48. Rd5 f5 49. gxf5 Rg8 50. R5d2 a5 51. Bc2 Rc6 52. Be4 Rb6 53. Bd5 Kf6 54. Be4 Ke7 55. Kd3 a4 56. Ke3 a3 57. Rd3 Rg2 58. Rxa3 Rxh2 59. Ra7+ Kf6 60. c5 dxc5 61. Rdd7 Rg2 62. Rxf7+ Kg5 63. Rg7+ Kh4 64. Rh7+ Kg3 65. Rag7+ Kh2 66. Rxg2+ Kxg2 67. f4+ Kg3 68. fxe5 Ra6 69. f6 Ra3+ 70. Kd2 Rxa2+ 71. Kc3 Kf4 72. Bd5 Kxe5 73. Bxa2 1-0


[Site "https://www.chess.com"]

[Event "Titled Tuesday Blitz April 4 Early 2023"]
[White "Kraus, Tomas"]
[Black "Belov, Alexei"]
[WhiteFideId "331708"]
[BlackFideId "4128206"]
[WhiteElo "2389"]
[BlackElo "2596"]
[Result "0-1"]
[Round "01"]
[TimeControl "180+2"]
[Date "2023.04.04"]
[WhiteClock "0:00:02"]
[BlackClock "0:00:30"]

1. e4 e6 2. d3 d5 3. Qe2 Nf6 4. Nf3 c5 5. g3 Nc6 6. Bg2 Be7 7. O-O Qc7 8. e5 Nd7 9. Re1 b6 10. c4 d4 11. Na3 a6 12. Nc2 Bb7 13. a3 b5 14. b3 Rb8 15. Bd2 O-O 16. h4 bxc4 17. bxc4 Na5 18. Bxa5 Qxa5 19. h5 h6 20. Rab1 Bc6 21. g4 Qc3 22. Red1 Rb2 23. Rxb2 Qxb2 24. Ncxd4 Qxe2 25. Nxe2 Bxf3 26. Bxf3 Nxe5 27. Kg2 Rb8 28. Nc1 Rb1 29. Be2 Nc6 30. f4 Nd4 31. Bf3 Bd6 32. f5 Bf4 33. Na2 Rb2+ 0-1


[Site "https://www.chess.com"]

[Event "Titled Tuesday Blitz April 4 Early 2023"]
[White "Gontcharov, Vladislav"]
[Black "Tagliata"]
[WhiteFideId "4123492"]
[WhiteElo "2420"]
[BlackElo "2289"]
[Result "1-0"]
[Round "01"]
[TimeControl "180+2"]
[Date "2023.04.04"]
[WhiteClock "0:00:09"]
[BlackClock "0:00:13"]

1. d4 d5 2. c4 e6 3. Nc3 Nf6 4. Bg5 c6 5. e3 h6 6. Bxf6 Qxf6 7. Nf3 Nd7 8. Bd3 g6 9. O-O Bg7 10. e4 O-O 11. cxd5 exd5 12. e5 Qe7 13. a3 Re8 14. b4 Nf8 15. h3 Ne6 16. b5 Nf4 17. Rc1 Nxd3 18. Qxd3 Bf5 19. Qd2 Qxa3 20. bxc6 bxc6 21. Ra1 Qe7 22. Na4 Reb8 23. Rfc1 Qe8 24. Nc5 Be4 25. Ne1 Bf8 26. Ned3 Bxd3 27. Nxd3 Rb5 28. Qc3 Rb6 29. Ra5 Qd7 30. Rca1 Qb7 31. Kh2 Rb5 32. R5a4 Rb3 33. Qc2 Be7 34. e6 fxe6 35. Ne5 Bf6 36. Qxg6+ Qg7 37. Qxg7+ Kxg7 38. Nxc6 a6 39. Rxa6 Rxa6 40. Rxa6 Rd3 41. g3 Kf7 42. Ra7+ Kg6 43. Ra4 Kf5 44. Kg2 Rd2 45. Kf3 Rd3+ 46. Ke2 Rb3 47. Ra6 Rb2+ 48. Kf3 Rb3+ 49. Kg2 Rd3 50. Ra4 Rb3 51. h4 Ke4 52. Ra6 Rd3 53. Nb4 Rxd4 54. Nc2 Rc4 55. Ne3 Rc3 56. Rxe6+ Kd4 57. Rxf6 Kc5 58. Rf5 Rd3 59. Rxd5+ Rxd5 60. Nxd5 Kxd5 61. Kf3 Ke5 62. Kg4 Ke4 63. Kh5 Kf3 64. Kxh6 Kxf2 65. g4 Kg3 66. g5 Kg4 67. g6 1-0


[Site "https://www.chess.com"]

[Event "Titled Tuesday Blitz April 4 Early 2023"]
[White "Orujov2008"]
[Black "Lewicki, Miroslaw"]
[BlackFideId "1113380"]
[WhiteElo "2281"]
[BlackElo "2212"]
[Result "0-1"]
[Round "01"]
[TimeControl "180+2"]
[Date "2023.04.04"]
[WhiteClock "0:00:14"]
[BlackClock "0:01:07"]

1. e4 c5 2. Nf3 d6 3. d4 cxd4 4. Nxd4 Nf6 5. Nc3 a6 6. h3 g6 7. g4 Bg7 8. Be3 O-O 9. Qd2 Nc6 10. O-O-O Bd7 11. Be2 Rc8 12. g5 Ne8 13. h4 Ne5 14. h5 Nc4 15. Bxc4 Rxc4 16. hxg6 fxg6 17. Qe2 b5 18. f3 e5 19. Nb3 Rf7 20. Nd5 Be6 21. Rd2 a5 22. Bb6 Qxg5 23. Bxa5 Bxd5 24. exd5 Nf6 25. Kb1 Nh5 26. Rf1 Bh6 27. Rdd1 Ng3 28. Qg2 Nxf1 29. Rxf1 Qxg2 0-1


[Site "https://www.chess.com"]

[Event "Titled Tuesday Blitz April 4 Early 2023"]
[White "Postnikov, Daniil"]
[Black "Fajdetic, Hrvoje"]
[WhiteFideId "4166329"]
[BlackFideId "14501945"]
[WhiteElo "2261"]
[BlackElo "2185"]
[Result "1-0"]
[Round "01"]
[TimeControl "180+2"]
[Date "2023.04.04"]
[WhiteClock "0:01:15"]
[BlackClock "0:00:23"]

1. e4 e6 2. d4 d5 3. e5 c5 4. c3 Nc6 5. Nf3 Bd7 6. Bd3 cxd4 7. O-O f6 8. cxd4 g6 9. exf6 Nxf6 10. Re1 Qb6 11. Nc3 Bg7 12. Na4 Qc7 13. Nc5 Nd8 14. g3 O-O 15. Bf4 Qc6 16. h4 Bc8 17. Ne5 Qe8 18. Be2 b6 19. Ncd3 Nh5 20. Bxh5 gxh5 21. Qd2 Nf7 22. Nxf7 Qxf7 23. Be5 Bd7 24. Bxg7 Kxg7 25. Re5 h6 26. Nf4 Rac8 27. Nxh5+ Kh7 28. Nf4 Rc4 29. h5 Rfc8 30. Qe3 Rc2 31. Nxe6 Bxe6 32. Rxe6 R8c7 33. Qxh6+ 1-0


[Site "https://www.chess.com"]

[Event "Titled Tuesday Blitz April 4 Early 2023"]
[White "Levitan, Caleb Levi"]
[Black "Hnydiuk, Aleksander"]
[WhiteFideId "14332620"]
[BlackFideId "1109057"]
[WhiteElo "1963"]
[BlackElo "2374"]
[Result "1-0"]
[Round "01"]
[TimeControl "180+2"]
[Date "2023.04.04"]
[WhiteClock "0:01:24"]
[BlackClock "0:00:14"]

1. e4 c5 2. Nf3 e6 3. d4 cxd4 4. Nxd4 Nc6 5. Nc3 a6 6. Nxc6 bxc6 7. Bd3 d5 8. O-O Nf6 9. f4 Be7 10. Qf3 O-O 11. b3 Bc5+ 12. Kh1 Bd4 13. Bb2 Qa5 14. Nd1 Bxb2 15. Nxb2 Bb7 16. e5 Nd7 17. Nd1 Nc5 18. Ne3 Nxd3 19. cxd3 c5 20. Qg3 Kh8 21. f5 f6 22. fxe6 fxe5 23. e7 Rf4 24. Rxf4 exf4 25. Qxf4 Rg8 26. Nf5 Bc6 27. Nd6 h6 28. Nf7+ Kh7 29. Qf5+ g6 30. Qf4 Kg7 31. Rf1 g5 32. Qf6+ 1-0


[Site "https://www.chess.com"]

[Event "Titled Tuesday Blitz April 4 Early 2023"]
[White "Fiorito, Francisco"]
[Black "Zaichenko, Daria"]
[WhiteFideId "180165"]
[BlackFideId "4197453"]
[WhiteElo "2341"]
[BlackElo "2039"]
[Result "1-0"]
[Round "01"]
[TimeControl "180+2"]
[Date "2023.04.04"]
[WhiteClock "0:00:54"]
[BlackClock "0:00:20"]

1. d4 d5 2. Bf4 c6 3. e3 Bf5 4. Nf3 Nf6 5. c3 e6 6. Nh4 Bxb1 7. Rxb1 Bd6 8. Nf3 Bxf4 9. exf4 Ne4 10. Bd3 f5 11. Qe2 Nd7 12. O-O O-O 13. Ng5 Qf6 14. f3 Nxg5 15. fxg5 Qxg5 16. Qxe6+ Rf7 17. f4 Qf6 18. Qe2 Re7 19. Qc2 g6 20. Rbe1 Rae8 21. Qd2 b6 22. g3 Qf7 23. Kg2 Nf6 24. Re5 Ne4 25. Qe2 c5 26. Bxe4 dxe4 27. b3 cxd4 28. cxd4 Rc8 29. Rd1 Rec7 30. d5 Qd7 31. Kh3 Rc5 32. b4 Rc4 33. d6 Rc2 34. Rd2 Rxd2 35. Qxd2 Rc6 36. Qd5+ Kf8 37. Re7 1-0


[Site "https://www.chess.com"]

[Event "Titled Tuesday Blitz April 4 Early 2023"]
[White "Qashashvili, Alexandre"]
[Black "Dixit, Nikhil"]
[WhiteFideId "13600842"]
[BlackFideId "5059534"]
[WhiteElo "2405"]
[BlackElo "2207"]
[Result "1-0"]
[Round "01"]
[TimeControl "180+2"]
[Date "2023.04.04"]
[WhiteClock "0:00:30"]
[BlackClock "0:01:09"]

1. e4 c5 2. Nc3 Nc6 3. Nf3 g6 4. d3 Bg7 5. Be3 d6 6. Qd2 Rb8 7. a4 a6 8. Be2 b5 9. axb5 axb5 10. Nd1 e5 11. Nc3 Nge7 12. Bh6 O-O 13. h4 Bg4 14. h5 gxh5 15. Bxg7 Kxg7 16. Nh4 Ng6 17. Bxg4 Nxh4 18. Bxh5 Ng6 19. Bxg6 hxg6 20. Qh6+ Kf6 21. Nd5+ Ke6 22. f4 exf4 23. Qxf4 Ra8 24. Qg4+ f5 25. Qxg6+ Ke5 26. Qg7+ Rf6 27. Rxa8 Qxa8 28. Qxf6# 1-0


[Site "https://www.chess.com"]

[Event "Titled Tuesday Blitz April 4 Early 2023"]
[White "Gabdrakhmanov, Azat"]
[Black "Antonio, Jorge Carlos"]
[WhiteFideId "34189197"]
[BlackFideId "113190"]
[WhiteElo "2306"]
[BlackElo "2247"]
[Result "0-1"]
[Round "01"]
[TimeControl "180+2"]
[Date "2023.04.04"]
[WhiteClock "0:00:01"]
[BlackClock "0:00:04"]

1. e4 c5 2. Nf3 e6 3. d4 cxd4 4. Nxd4 a6 5. c4 Nc6 6. Nc3 Qc7 7. Be2 Nf6 8. O-O Bb4 9. Nxc6 bxc6 10. Bd3 O-O 11. Ne2 d5 12. Qc2 dxe4 13. Bxe4 Bd6 14. h3 Nxe4 15. Qxe4 Bb7 16. Bf4 e5 17. Bd2 c5 18. Qh4 f5 19. Nc3 Rae8 20. Nd5 Bxd5 21. cxd5 e4 22. Bc3 Qf7 23. Rae1 Qg6 24. f4 Qf7 25. Qf2 Qxd5 26. Rd1 Qc6 27. Qg3 Rf7 28. h4 c4 29. h5 Bc5+ 30. Kh2 e3 31. Rfe1 Bb6 32. Be5 Re6 33. Qg5 Qe8 34. Rxe3 Bxe3 35. Rd8 Rxe5 36. Rxe8+ Rxe8 37. h6 g6 38. Qg3 Re4 39. Qf3 Bxf4+ 40. g3 Bxh6 41. Qc3 Bg7 42. Qb4 Rfe7 43. Qb8+ Re8 44. Qd6 Re2+ 45. Kh3 R2e6 46. Qd5 Kh8 47. Qxc4 Re4 48. Qd5 f4 49. gxf4 Rxf4 50. Qc6 Rff8 51. a4 Re5 52. Qg2 Ref5 53. Qc6 Rf3+ 54. Kg4 R8f4+ 55. Kg5 Rf5+ 56. Kg4 R3f4+ 57. Kg3 Rf3+ 58. Kg2 Rf2+ 59. Kg3 R2f3+ 60. Kg2 Rf2+ 61. Kg3 Be5+ 62. Kg4 R2f4+ 63. Kh3 Rf3+ 64. Kg4 R3f4+ 65. Kh3 Rg5 66. Qe8+ Kg7 67. Qe6 Kh6 0-1


[Site "https://www.chess.com"]

[Event "Titled Tuesday Blitz April 4 Early 2023"]
[White "Nugumanov, Bakhtiyar"]
[Black "Bilan, Danila"]
[WhiteFideId "13701797"]
[BlackFideId "24161918"]
[WhiteElo "2209"]
[BlackElo "2182"]
[Result "0-1"]
[Round "01"]
[TimeControl "180+2"]
[Date "2023.04.04"]
[WhiteClock "0:00:10"]
[BlackClock "0:00:03"]

1. Nf3 d5 2. g3 Nf6 3. Bg2 Bf5 4. O-O e6 5. c4 c6 6. cxd5 exd5 7. d3 Be7 8. Qb3 Qb6 9. Qc2 Nbd7 10. Nc3 O-O 11. e4 dxe4 12. dxe4 Bg6 13. Be3 Qa5 14. a3 Rfe8 15. b4 Qh5 16. h3 Ne5 17. Nxe5 Qxe5 18. f4 Qc7 19. f5 Bh5 20. g4 Bxg4 21. hxg4 Nxg4 22. Bf4 Bd6 23. Qd2 Rad8 24. Bxd6 Rxd6 25. Qf4 Qb6+ 26. Kh1 Rh6+ 27. Bh3 Rxh3+ 28. Kg2 Rxc3 29. Qxg4 Rc2+ 30. Kh1 c5 31. f6 g6 32. Qh4 h5 33. Rg1 Qe6 34. Rae1 Rc3 35. Rg3 Rxg3 36. Qxg3 cxb4 37. axb4 Qxf6 38. e5 Qf5 39. Kh2 Rc8 40. Re2 Rc2 41. Qg2 Qf4+ 42. Kh3 Rc3+ 0-1


[Site "https://www.chess.com"]

[Event "Titled Tuesday Blitz April 4 Early 2023"]
[White "Martic, Ivan"]
[Black "Torres Hernandez, Leslie Carolin"]
[WhiteFideId "929301"]
[BlackFideId "8400504"]
[WhiteElo "2360"]
[BlackElo "1920"]
[Result "1-0"]
[Round "01"]
[TimeControl "180+2"]
[Date "2023.04.04"]
[WhiteClock "0:01:58"]
[BlackClock "0:00:34"]

1. d4 Nf6 2. Bg5 d5 3. e3 e6 4. c4 Be7 5. Nc3 O-O 6. Nf3 b6 7. cxd5 exd5 8. Bb5 Bb7 9. O-O a6 10. Ba4 Nbd7 11. Rc1 b5 12. Bb3 c5 13. dxc5 Nxc5 14. Bc2 Nce4 15. Nxe4 dxe4 16. Nd4 Qd5 17. Bh4 Rfd8 18. Bb3 Qe5 19. Bg3 Qg5 20. Rc7 Rd7 21. Ne6 Qf5 22. Rxd7 fxe6 1-0


[Site "https://www.chess.com"]

[Event "Titled Tuesday Blitz April 4 Early 2023"]
[White "Alberto, Manuel"]
[Black "Ehlvest, Jaan"]
[WhiteFideId "10100148"]
[BlackFideId "4500016"]
[WhiteElo "2166"]
[BlackElo "2442"]
[Result "1-0"]
[Round "01"]
[TimeControl "180+2"]
[Date "2023.04.04"]
[WhiteClock "0:02:19"]
[BlackClock "0:02:35"]

1. e4 c5 2. Nf3 Nc6 3. Bb5 g6 4. Bxc6 bxc6 5. O-O Bg7 6. Re1 Qc7 7. e5 f6 8. d4 cxd4 9. exf6 Nxf6 10. Nxd4 Bb7 11. Nc3 c5 12. Nf3 d6 13. Nb5 1-0


[Site "https://www.chess.com"]

[Event "Titled Tuesday Blitz April 4 Early 2023"]
[White "Adla, Diego"]
[Black "Floresvillar Gonzalez, Luis Migu"]
[WhiteFideId "100072"]
[BlackFideId "5100542"]
[WhiteElo "2377"]
[BlackElo "2040"]
[Result "1-0"]
[Round "01"]
[TimeControl "180+2"]
[Date "2023.04.04"]
[WhiteClock "0:00:55"]
[BlackClock "0:00:52"]

1. e4 c6 2. Nf3 d5 3. d3 dxe4 4. dxe4 Qxd1+ 5. Kxd1 Bg4 6. Be2 Nd7 7. Ne1 Bxe2+ 8. Kxe2 O-O-O 9. a4 e6 10. a5 a6 11. Nd3 Ngf6 12. f3 Nc5 13. Be3 Nxd3 14. cxd3 Bb4 15. Rc1 Rd7 16. Rc4 Be7 17. Nc3 Rhd8 18. d4 h5 19. Na4 Kb8 20. Bf4+ Ka7 21. Nb6 Rxd4 22. Rxd4 Rxd4 23. Be3 e5 24. Bxd4 exd4 25. Nc8+ Kb8 26. Nxe7 g6 27. Rd1 c5 28. Nd5 Nd7 29. b4 cxb4 30. Rxd4 Ne5 31. Rxb4 Nc6 32. Ra4 f5 33. exf5 gxf5 34. Ne3 Ne7 35. h3 Kc7 36. g4 fxg4 37. fxg4 hxg4 38. hxg4 b5 39. axb6+ Kxb6 40. g5 a5 41. Rf4 Kb5 42. Rf7 Ng6 43. Rf6 Nh4 44. g6 Nxg6 45. Rxg6 a4 46. Rg1 1-0


[Site "https://www.chess.com"]

[Event "Titled Tuesday Blitz April 4 Early 2023"]
[White "EdmundPlayer"]
[Black "Souleidis, Georgios"]
[BlackFideId "4206827"]
[WhiteElo "2248"]
[BlackElo "2401"]
[Result "0-1"]
[Round "01"]
[TimeControl "180+2"]
[Date "2023.04.04"]
[WhiteClock "0:00:12"]
[BlackClock "0:00:24"]

1. e4 c5 2. Nf3 e6 3. d4 cxd4 4. Nxd4 Nf6 5. Nc3 Nc6 6. g3 d6 7. Bg2 Bd7 8. O-O Be7 9. Ndb5 Qb8 10. Bf4 Ne5 11. Qe2 a6 12. Nd4 O-O 13. Rad1 Qc7 14. Bc1 Rac8 15. f4 Nc6 16. Nxc6 Bxc6 17. Be3 b5 18. Bd4 e5 19. Be3 b4 20. fxe5 dxe5 21. Nd5 Nxd5 22. exd5 Bb5 23. Qg4 Bxf1 24. d6 Bxd6 25. Bh6 f5 26. Qg5 Bc5+ 27. Kxf1 Kh8 28. Bc6 gxh6 0-1


[Site "https://www.chess.com"]

[Event "Titled Tuesday Blitz April 4 Early 2023"]
[White "Guz, Ari"]
[Black "Srdanovic, Jovana"]
[WhiteFideId "2825759"]
[BlackFideId "954810"]
[WhiteElo "2205"]
[BlackElo "2145"]
[Result "1-0"]
[Round "01"]
[TimeControl "180+2"]
[Date "2023.04.04"]
[WhiteClock "0:00:47"]
[BlackClock "0:00:43"]

1. e4 c5 2. Nf3 e6 3. c3 Nf6 4. e5 Nd5 5. d4 cxd4 6. cxd4 d6 7. Bc4 Nb6 8. Bb5+ Bd7 9. Bd3 Nc6 10. O-O Be7 11. Nc3 a6 12. Qe2 d5 13. a3 Rc8 14. Bf4 Na5 15. g3 O-O 16. h4 Na4 17. Nxa4 Bxa4 18. Ng5 Bxg5 19. hxg5 Bb5 20. Bxb5 axb5 21. Qxb5 Rc4 22. Be3 Qc7 23. Rac1 Rc8 24. Rxc4 Nxc4 25. Rc1 Qc6 26. Qb4 Qd7 27. Bf4 Ra8 28. b3 Na5 29. Qb6 Nc6 30. b4 Rxa3 31. b5 Ne7 32. Rc7 Qe8 33. Qxb7 1-0


[Site "https://www.chess.com"]

[Event "Titled Tuesday Blitz April 4 Early 2023"]
[White "De Souza, Cristiano Gomes"]
[Black "Jain Kashish Manoj"]
[WhiteFideId "2151758"]
[BlackFideId "35081098"]
[WhiteElo "2068"]
[BlackElo "2191"]
[Result "1-0"]
[Round "01"]
[TimeControl "180+2"]
[Date "2023.04.04"]
[WhiteClock "0:00:31"]
[BlackClock "0:00:14"]

1. d4 f5 2. Nf3 g6 3. g3 Bg7 4. Bg2 Nh6 5. O-O O-O 6. c4 Nf7 7. b3 d6 8. Bb2 e5 9. dxe5 dxe5 10. Qc2 c6 11. Nc3 Be6 12. Rad1 Qc7 13. h4 Nd7 14. Ng5 Nxg5 15. hxg5 Rfd8 16. Rd2 e4 17. e3 Ne5 18. Rfd1 Nf7 19. Ne2 Nxg5 20. Nf4 Rxd2 21. Rxd2 Rd8 22. Bxg7 Kxg7 23. Qc3+ Kf7 24. Rxd8 Qxd8 25. Bf1 b6 26. b4 Qf6 27. Qa3 Qe7 28. Qb2 c5 29. a3 Qd8 30. Be2 Qf6 31. Qd2 Kg7 32. bxc5 bxc5 33. Qd6 Bf7 34. Qxc5 Qa1+ 35. Kg2 h5 36. Qe7 a5 37. Nxh5+ gxh5 38. Qxg5+ Bg6 39. Bxh5 Qf6 40. Qxg6+ Qxg6 41. Bxg6 Kxg6 42. f3 Kf6 43. g4 exf3+ 44. Kxf3 fxg4+ 45. Kxg4 Ke5 46. Kf3 Kd6 47. Ke4 Kc5 48. Kd3 a4 49. e4 Kc6 50. Kd4 Kd6 51. e5+ Ke6 52. c5 Kd7 53. Kd5 Kc7 54. e6 1-0


[Site "https://www.chess.com"]

[Event "Titled Tuesday Blitz April 4 Early 2023"]
[White "Dobre, Claudiu-Cristian"]
[Black "Onslow, Alfie"]
[WhiteFideId "1211854"]
[BlackFideId "436976"]
[WhiteElo "2207"]
[BlackElo "2114"]
[Result "1-0"]
[Round "01"]
[TimeControl "180+2"]
[Date "2023.04.04"]
[WhiteClock "0:00:09"]
[BlackClock "0:00:29"]

1. e4 g6 2. d4 Bg7 3. h4 d5 4. e5 h5 5. Bd3 Nh6 6. c3 Bf5 7. Bxf5 Nxf5 8. Nf3 e6 9. Bg5 Qc8 10. Nbd2 Nd7 11. Nf1 c5 12. Rc1 c4 13. Ne3 Nxe3 14. fxe3 b5 15. Qe2 Nb6 16. O-O O-O 17. Nd2 a5 18. e4 Qd7 19. Qe3 Ra7 20. Bf6 b4 21. Qg5 bxc3 22. Rxc3 dxe4 23. Rg3 Qxd4+ 24. Kh1 Nd5 25. Bxg7 Kxg7 26. Qxh5 Qxd2 27. Rxf7+ Raxf7 28. Qxg6+ Kh8 29. Qh6+ Rh7 30. Qxf8# 1-0


[Site "https://www.chess.com"]

[Event "Titled Tuesday Blitz April 4 Early 2023"]
[White "babbilator"]
[Black "Weishaeutel, Moritz"]
[BlackFideId "12967300"]
[WhiteElo "2246"]
[BlackElo "2301"]
[Result "1-0"]
[Round "01"]
[TimeControl "180+2"]
[Date "2023.04.04"]
[WhiteClock "0:00:17"]
[BlackClock "0:00:04"]

1. e4 e5 2. Nc3 Nc6 3. f4 exf4 4. Nf3 Nf6 5. Bc4 Bb4 6. e5 Ng4 7. d4 d5 8. Bb5 Ne3 9. Bxe3 fxe3 10. Qd3 O-O 11. Qxe3 Bg4 12. O-O Ne7 13. Ne2 c5 14. c3 cxd4 15. cxd4 Ba5 16. Ng3 Bb6 17. Rad1 Rc8 18. h3 Nf5 19. Nxf5 Bxf5 20. Ne1 Bg6 21. Bd3 Qh4 22. Bxg6 hxg6 23. Nf3 Qe4 24. Qb3 Rc4 25. Kh1 Qc2 26. Qb5 Rfc8 27. Qxd5 Rd8 28. Qxb7 Rc7 29. Qa6 Qxb2 30. Ng5 Bxd4 31. Qd3 Qb6 32. Qe4 Re7 33. Qh4 Rxe5 34. Qh7+ Kf8 35. Rxf7+ Ke8 36. Qh8# 1-0


[Site "https://www.chess.com"]

[Event "Titled Tuesday Blitz April 4 Early 2023"]
[White "Shivakumar, Shawnak"]
[Black "Dubreuil, Julien"]
[WhiteFideId "30940192"]
[BlackFideId "621285"]
[WhiteElo "2089"]
[BlackElo "2243"]
[Result "1-0"]
[Round "01"]
[TimeControl "180+2"]
[Date "2023.04.04"]
[WhiteClock "0:01:35"]
[BlackClock "0:00:36"]

1. c4 c5 2. Nf3 g6 3. Nc3 Bg7 4. e3 Nf6 5. d4 cxd4 6. Nxd4 O-O 7. Be2 d5 8. O-O dxc4 9. Bxc4 a6 10. a4 Bd7 11. a5 Nc6 12. Nxc6 Bxc6 13. Qb3 Nd7 14. Rd1 Qe8 15. Bd5 Nc5 16. Qa3 Bxd5 17. Nxd5 Rc8 18. e4 e6 19. Nb6 Rc6 20. Be3 Nxe4 21. Nd7 Qc8 22. Nxf8 Bxf8 23. Qd3 Nf6 24. Qd8 Nd5 25. Qxc8 Rxc8 26. Rac1 Re8 27. Bc5 Bg7 28. b4 h5 29. f3 h4 30. Kf2 g5 31. Bd4 Bf8 32. Bc5 Bg7 33. g3 h3 34. Rd3 Be5 35. Re1 Bg7 36. Rxd5 1-0


[Site "https://www.chess.com"]

[Event "Titled Tuesday Blitz April 4 Early 2023"]
[White "Kiselev, Pavel"]
[Black "Pajeken, Jakob Leon"]
[WhiteFideId "4191102"]
[BlackFideId "12942839"]
[WhiteElo "2145"]
[BlackElo "2414"]
[Result "0-1"]
[Round "01"]
[TimeControl "180+2"]
[Date "2023.04.04"]
[WhiteClock "0:02:14"]
[BlackClock "0:00:35"]

1. Nf3 d5 2. c4 dxc4 3. Qa4+ Nc6 4. Qxc4 e5 5. e3 Be6 6. Qc2 Bd6 7. Bc4 Bxc4 8. Qxc4 Nf6 9. O-O O-O 10. b3 e4 11. Nd4 Ne5 12. Qc2 Nd3 13. Ba3 c5 14. Nb5 Bxh2+ 15. Kxh2 Ng4+ 16. Kg3 Qg5 17. f4 exf3 18. Kxf3 Nge5+ 19. Ke2 Qxg2+ 20. Kd1 Qxf1# 0-1


[Site "https://www.chess.com"]

[Event "Titled Tuesday Blitz April 4 Early 2023"]
[White "Berezin, Viktor"]
[Black "Blokhin, Sofia"]
[WhiteFideId "14107872"]
[BlackFideId "4508190"]
[WhiteElo "2310"]
[BlackElo "1994"]
[Result "1-0"]
[Round "01"]
[TimeControl "180+2"]
[Date "2023.04.04"]
[WhiteClock "0:00:22"]
[BlackClock "0:00:09"]

1. d4 g6 2. Nf3 Bg7 3. g3 f5 4. Bg2 Nf6 5. O-O O-O 6. c4 d6 7. Nc3 Nc6 8. Qb3 Kh8 9. Rd1 e6 10. Bf4 Ne4 11. Rac1 Bd7 12. d5 Nxc3 13. bxc3 Ne7 14. dxe6 Bxe6 15. Ng5 Bg8 16. Qxb7 Rb8 17. Qa6 Rb6 18. Qa4 h6 19. Nf3 g5 20. Be3 Rc6 21. c5 d5 22. Bd4 Bf6 23. Bxf6+ Rfxf6 24. c4 Ra6 25. Qb4 Rxa2 26. Qc3 Kg7 27. e3 Kg6 28. Ne5+ Kg7 29. Ra1 Rxa1 30. Rxa1 Ng6 31. Rxa7 Nxe5 32. Qxe5 dxc4 33. Rxc7+ Kg6 34. h4 Qd1+ 35. Kh2 gxh4 36. Qf4 hxg3+ 37. Qxg3+ Qg4 38. Qxg4+ fxg4 39. Kg3 h5 40. Be4+ Kh6 41. c6 c3 42. Rc8 c2 43. Bxc2 Bh7 44. c7 Rc6 45. Bxh7 Kxh7 46. Kh4 Rc5 47. e4 Kg7 48. e5 Kf7 49. Kxh5 Rxe5+ 50. Kxg4 Rc5 51. f4 Kg7 52. f5 Kf7 53. Kg5 Kg7 54. Kf4 Kf7 55. Ke4 Kg7 56. Kd4 Rc1 57. Ke5 Rc5+ 58. Kd6 Rc1 59. Ra8 Rd1+ 60. Ke7 Rc1 61. c8=Q 1-0


[Site "https://www.chess.com"]

[Event "Titled Tuesday Blitz April 4 Early 2023"]
[White "Andreassen, Lars"]
[Black "Mendez Fortes, Eduardo Jesus"]
[WhiteFideId "1504878"]
[BlackFideId "3502376"]
[WhiteElo "2119"]
[BlackElo "2307"]
[Result "0-1"]
[Round "01"]
[TimeControl "180+2"]
[Date "2023.04.04"]
[WhiteClock "0:00:41"]
[BlackClock "0:00:51"]

1. d4 Nf6 2. Nf3 d5 3. Bg5 Ne4 4. Bh4 c5 5. e3 Nc6 6. Nbd2 Nxd2 7. Qxd2 cxd4 8. exd4 Qb6 9. c3 Bf5 10. Be2 e6 11. O-O Bd6 12. Rfe1 O-O 13. a4 Na5 14. Ra2 Qb3 15. Raa1 Rfc8 16. Qc1 Qb6 17. Nd2 a6 18. b4 Bxb4 19. Qb2 Rxc3 20. Be7 Nc6 21. Rab1 Bxb1 22. Rxb1 Qa5 23. Bxb4 Qxb4 24. Qxb4 Nxb4 25. Rxb4 Rc2 26. Rxb7 Rxd2 27. Bf1 Rxd4 28. a5 Ra4 29. Bxa6 Rxa5 30. Bf1 g6 31. g3 Rd8 0-1


[Site "https://www.chess.com"]